 Dungeon Crawl Stone Soup version 0.31-a0-174-g85c54bcb58 (webtiles) character file.

Game seed: 6995902407196942571

734 qw the Shooter (level 7, -6/44 HPs)
             Began as a Gargoyle Hunter on June 15, 2023.
             Mangled by an ogre
             ... wielding a +0 giant spiked club
              (15 damage)
             ... on level 6 of the Dungeon.
             The game lasted 00:01:43 (4022 turns).

qw the Shooter (Gargoyle Hunter)                    Turns: 4022, Time: 00:01:43

Health: -6/44      AC: 10    Str: 15    XL:     7   Next: 74%
Magic:  7/7        EV: 16    Int:  9    God:
Gold:   136        SH:  0    Dex: 15    Spells: 6/6 levels left

rFire   . . .        Y - +1 shortbow
rCold   . . .        (shield currently unavailable)
rNeg    + . .        j - +0 ring mail
rPois   inf          (no helmet)
rElec   +            (no cloak)
rCorr   .            (no gloves)
SInv    .            (no boots)
Will    .....        (no amulet)
Stlth   +            k - +5 ring of evasion
HPRegen 0.27/turn    (no ring)
MPRegen 0.10/turn

%: no passive effects
@: about to teleport
A: sickness immunity, AC +4, negative energy resistance 1, electricity
resistance, torment resistance 1, petrification resistance
a: no special abilities


You were on level 6 of the Dungeon.
You visited 2 branches of the dungeon, and saw 7 of its levels.

You collected 208 gold pieces.
You spent 72 gold pieces at shops.


Innate Abilities, Weirdness & Mutations

You are immune to sickness and miasma.
Your stone body is resilient. (AC +4)
You are immune to poison.
You resist negative energy. (rN+)
You are resistant to electric shocks. (rElec)
You are resistant to unholy torment.
You are immune to petrification.


   Skills:
 - Level 4.8 Fighting
 + Level 7.5 Ranged Weapons
 - Level 1.0 Armour
 - Level 3.0 Dodging
 - Level 1.1 Stealth


You had 6 spell levels left.
You didn't know any spells.
Your spell library was empty.

Inventory:

Hand Weapons
 Y - a +1 shortbow (weapon)
Armour
 j - a +0 ring mail (worn)
Jewellery
 k - a +5 ring of evasion (left hand)
Scrolls
 b - a scroll of identify
Potions
 a - a potion of degeneration {unknown}
 d - a potion of might
 e - a potion of ambrosia {unknown}
 f - a potion of heal wounds {unknown}
 g - 2 potions of curing
 i - 2 potions of lignification

Dungeon Overview and Level Annotations

Branches:
Dungeon (6/15)             Temple (1/1) D:5

Altars:
Ashenzari
Cheibriados
Dithmenos
Fedhas
Gozag
Hepliaklqana
Nemelex Xobeh
Qazlal
Ru
Sif Muna
Uskayaw
Wu Jian
The Shining One
Lugonu

Shops:
D:3 !

Annotations:
D:4 Edmund
D:5 2 transporters, qw's ghost, novice GrHu
D:6 1 runed translucent door, Crazy Yiuf


Message History

You shoot an arrow.
The arrow hits the iguana but does no damage.
The iguana is almost dead.
The iguana bites you.
You shoot an arrow.
The arrow hits the iguana but does no damage.
The iguana is almost dead.
The iguana completely misses you.
You shoot an arrow.
The arrow hits the iguana but does no damage.
The iguana is almost dead.
The iguana closely misses you.
You shoot an arrow. The arrow barely misses the iguana.
The iguana barely misses you.
You shoot an arrow. The arrow hits the iguana.
You kill the iguana!
Your Armour skill increases to level 1!
You start resting.
An ogre comes into view. It is wielding a +0 giant spiked club.
4014 ||| FLEEEEING.
The ogre shouts!
4015 ||| FLEEEEING.
You start resting.
An ogre is nearby!
You shoot an arrow. The arrow hits the ogre.
The ogre is lightly wounded.
You shoot an arrow. The arrow closely misses the ogre.
You shoot an arrow.
The arrow hits the ogre but does no damage.
The ogre is lightly wounded.
The ogre hits you with a +0 giant spiked club!!
Ouch! That really hurt!
4021 ||| READING scroll of teleportation.
As you read the scroll of teleportation, it crumbles to dust.
You feel strangely unstable.
A sky beast comes into view.
You shoot an arrow. The arrow hits the ogre.
The ogre is moderately wounded.
The ogre hits you with a +0 giant spiked club!
You die...

#.##.#####..#
#.##........#
#.#####....##
#<# #.####
#.## #.# #..#
#.# ##.# #.#
#.# #.# #@#
#.# #O# #.#
#.# #.# .).
..... #....##
#Y#.## ..#..


You could see a sky beast and an ogre.

Vanquished Creatures
  A wyvern (D:5)
  Menkaure (D:4)
  A howler monkey (D:4)
  2 hounds
  5 iguanas
  2 orc wizards
  3 gnolls (D:5)
  8 adders
  2 worms
  4 dart slugs
  9 orcs
  3 endoplasms
  3 giant cockroaches
  10 goblins
  2 hobgoblins
  7 jackals
  2 quokkas (D:1)
  4 ball pythons
  2 bats
  4 frilled lizards
  9 kobolds
  8 rats
92 creatures vanquished.

Notes
Turn   | Place    | Note
-------+----------+-------------------------------------------
     0 | D:1      | qw the Gargoyle Hunter began the quest for the Orb.
     0 | D:1      | Reached XP level 1. HP: 12/12 MP: 1/1
     0 | D:1      | 0 ||| qw: Version: 0.2-a-29-g511e9b1
     0 | D:1      | 0 ||| qw: Game counter: 5271
     0 | D:1      | 0 ||| qw: Always use a shield: true
     0 | D:1      | 0 ||| qw: God list: Okawaru
     0 | D:1      | 0 ||| qw: Allow faded altars: false
     0 | D:1      | 0 ||| qw: Do Orc after D:15 true
     0 | D:1      | 0 ||| qw: Do second Lair branch before Depths: true
     0 | D:1      | 0 ||| qw: Lair rune preference: random
     0 | D:1      | 0 ||| qw: Plans: Normal, Zot:1-4, Slime:5, God:TSO, Crypt,
                  | Tomb, Abyss, Pan, Hells, Win
     0 | D:1      | 0 ||| PLANNING D:1-11
    76 | D:1      | Reached XP level 2. HP: 17/17 MP: 2/2
   536 | D:1      | Reached XP level 3. HP: 21/21 MP: 3/3
   638 | D:1      | 638 ||| READING scroll labelled SIVUFAE PUKI.
   639 | D:1      | 639 ||| READING scroll labelled XIANUYMUUMN.
   640 | D:1      | 640 ||| DROPPING scroll of butterflies.
   768 | D:2      | Reached skill level 5 in Ranged Weapons
   949 | D:2      | Reached skill level 3 in Fighting
  1066 | D:2      | Reached XP level 4. HP: 28/28 MP: 4/4
  1088 | D:2      | 1088 ||| READING scroll labelled XAXOPSO AGES.
  1089 | D:2      | 1089 ||| READING scroll labelled YGAEMA OT JON.
  1148 | D:2      | 1148 ||| READING scroll labelled HAK ROQOELIST.
  1179 | D:2      | 1179 ||| DRINKING 2 fuming yellow potions.
  1512 | D:2      | 1512 ||| DROPPING scarf of invisibility.
  1538 | D:3      | Found a snail-covered altar of Cheibriados.
  1539 | D:3      | Noticed a torpor snail
  1661 | D:3      | Found an ornate altar of the Wu Jian Council.
  1730 | D:3      | Found Kowumup's Distillery.
  1737 | D:3      | 1737 ||| BUYING 2 potions of lignification (72 gold).
  1737 | D:3      | Bought 2 potions of lignification for 72 gold pieces
  1737 | D:3      | 1737 ||| SHOPLISTING potion of curing (36 gold, have 33).
  1737 | D:3      | 1737 ||| SHOPLISTING potion of haste (120 gold, have 33).
  1737 | D:3      | 1737 ||| SHOPLISTING potion of heal wounds (60 gold, have
                  | 33).
  1737 | D:3      | 1737 ||| SHOPLISTING potion of might (48 gold, have 33).
  1737 | D:3      | 1737 ||| SHOPLISTING potion of resistance (120 gold, have
                  | 33).
  1900 | D:3      | 1900 ||| READING scroll labelled OLIOMO ZYSITSY.
  1901 | D:3      | 1901 ||| READING 2 scrolls labelled DOCVUIX YKLIMP.
  1902 | D:3      | 1902 ||| READING 2 scrolls of identify.
  1902 | D:3      | 1902 ||| IDENTIFYING fuming silvery potion
  1903 | D:3      | 1903 ||| DROPPING potion of brilliance.
  1904 | D:3      | 1904 ||| DROPPING scroll of poison.
  1940 | D:4      | Reached XP level 5. HP: 30/32 MP: 5/5
  1943 | D:4      | Reached skill level 6 in Ranged Weapons
  1995 | D:4      | Noticed Menkaure
  2000 | D:4      | Killed Menkaure
  2001 | D:4      | Reached XP level 6. HP: 40/40 MP: 6/6
  2072 | D:4      | Noticed Edmund
  2083 | D:4      | HP: 7/40 [Edmund/+2 heavy dire flail (33)]
  2084 | D:4      | 2084 ||| READING scroll of teleportation.
  2137 | D:4      | 2137 ||| FLEEEEING.
  2138 | D:4      | 2138 ||| STAIRDANCE
  2233 | D:4      | Found a blossoming altar of Fedhas.
  2330 | D:4      | HP: 10/40 [Edmund/+2 heavy dire flail (22)]
  2331 | D:4      | 2331 ||| READING scroll of teleportation.
  2590 | D:4      | Found a broken altar of Ashenzari.
  2702 | D:4      | Noticed an air elemental
  2704 | D:4      | Found a stormy altar of Qazlal.
  2712 | D:4      | Noticed a water elemental
  2712 | D:4      | Noticed a fire elemental
  2866 | D:4      | 2866 ||| READING scroll labelled VUFIOLL OMOTEL.
  2886 | D:5      | Entered Level 5 of the Dungeon
  3018 | D:5      | Found a transporter.
  3019 | D:5      | Noticed qw's ghost (novice GrHu)
  3024 | D:5      | Found a transporter.
  3036 | D:5      | Reached skill level 7 in Ranged Weapons
  3036 | D:5      | Reached XP level 7. HP: 44/44 MP: 7/7
  3052 | D:5      | Found a staircase to the Ecumenical Temple.
  3053 | D:5      | 3053 ||| PLANNING TEMPLE
  3058 | Temple   | Entered the Ecumenical Temple
  3090 | Temple   | 3090 ||| PLANNING D:1-11
  3178 | D:5      | Noticed a wyvern
  3186 | D:5      | Killed a wyvern
  3187 | D:5      | Reached skill level 3 in Dodging
  3381 | D:5      | Found an opulent altar of Gozag.
  3846 | D:5      | 3846 ||| UPGRADING to +0 ring mail.
  3856 | D:5      | 3856 ||| DROPPING +0 leather armour.
  3857 | D:5      | 3857 ||| UPGRADING to +5 ring of evasion.
  3893 | D:6      | 3893 ||| PLANNING OSSUARY
  3962 | D:6      | Found a runed translucent door.
  3963 | D:6      | Noticed Crazy Yiuf
  4010 | D:6      | Reached skill level 1 in Armour
  4014 | D:6      | 4014 ||| FLEEEEING.
  4015 | D:6      | 4015 ||| FLEEEEING.
  4020 | D:6      | HP: 8/44 [ogre/+0 giant spiked club (33)]
  4021 | D:6      | 4021 ||| READING scroll of teleportation.
  4022 | D:6      | Mangled by an ogre

Levels and vault maps discovered:
D:1:      lightli_arrival_statuegarden, layout_basic, serial_corexii_hall,
          corexii_hall_statues_x, corexii_hall_statues_i
D:2:      layout_loops_ring, minmay_puff
D:3:      layout_rooms, cheibriados_altar_2, nicolae_overflow_crystal_walls,
          serial_shops, nicolae_diamond_shop
D:4:      layout_basic, marbit_many_paths, nicolae_qazlal_style_of_elements,
          mainiacjoe_overflow_brackets, uniq_menkaure, uniq_edmund
D:5:      layout_basic, grunt_gozag_statues, minmay_temple_entry_arrows,
          gammafunk_ghost_smash, minmay_misc_feat_chi
D:6:      layout_loops_ring, lemuel_doored_altar, xom_teletrap_fun,
          gammafunk_temple_overflow_arena, enter_ossuary_4,
          minmay_a_box_with_orc_wizards_in_it, uniq_duvessa,
          uniq_crazy_yiuf_cottage, uniq_eustachio
Temple:   corrupted_temple

Skill      XL: |  1  2  3  4  5  6  7 |
---------------+----------------------+-----
Ranged Weapons | 5 6 7 |  7.5
Fighting       | 3 4 |  4.8
Dodging        | 3 |  3.0
Armour         | 1 |  1.0
Stealth        | |  1.1

Action                     |  1- 3 |  4- 6 |  7- 9 || total
---------------------------+-------+-------+-------++-------
   Fire: Shortbow          |    99 |   178 |    92 ||   369
    Use: Scroll            |     2 |     9 |     1 ||    12
         Potion            |       |     1 |       ||     1
 Armour: Leather armour    |    16 |    31 |    13 ||    60
  Dodge: Dodged            |    22 |    43 |    28 ||    93

Table legend:
 A = Non-vault XP
 B = Vault XP
 C = Vault XP percentage of total XP
 D = Non-vault monster count
 E = Vault monster count
 F = Vault count percentage of total count
                 A         B        C        D         E       F
            +---------+---------+-------+---------+---------+-------
      Total |     867 |     182 |  17.3 |      87 |       5 |   5.4
            +---------+---------+-------+---------+---------+-------
        D:1 |      37 |       0 |   0.0 |      25 |       0 |   0.0
        D:2 |      61 |       5 |   7.6 |      13 |       3 |  18.8
        D:3 |      28 |       0 |   0.0 |       8 |       0 |   0.0
        D:4 |     231 |     177 |  43.4 |      21 |       2 |   8.7
        D:5 |     474 |       0 |   0.0 |      19 |       0 |   0.0
        D:6 |      36 |       0 |   0.0 |       1 |       0 |   0.0
            +---------+---------+-------+---------+---------+-------
